 Dungeon Crawl Stone Soup version 0.31-a0-152-g6aa68a64a1 (webtiles) character file.

Game seed: 15449835236940918229

41725 qw the Marksgargoyle (level 14, -5/92 HPs)
             Began as a Gargoyle Hunter on June 11, 2023.
             Was an Elder of Okawaru.
             Slain by a dire elephant (12 damage)
             ... on level 5 of the Lair of Beasts.
             The game lasted 00:06:20 (13795 turns).

qw the Marksgargoyle (Gargoyle Hunter)             Turns: 13795, Time: 00:06:20

Health: -5/92      AC: 26    Str: 15    XL:     14   Next: 16%
Magic:  7/7        EV: 23    Int: 11    God:    Okawaru [****..]
Gold:   799        SH:  5    Dex: 29    Spells: 13/13 levels left

rFire   + . .        g - +1 longbow (antimagic)
rCold   . . .        (shield currently unavailable)
rNeg    + . .        t - +1 ring mail {rF+}
rPois   inf          a - +1 helmet
rElec   +            q - +0 cloak
rCorr   .            m - +2 pair of gloves
SInv    .            (no boots)
Will    +....        p - amulet of reflection
Stlth   +++          d - +6 ring of dexterity
HPRegen 0.35/turn    r - +6 ring of dexterity
MPRegen 0.10/turn

%: reflection
@: heroic, flying
A: sickness immunity, AC +10, big wings, negative energy resistance 1,
electricity resistance, torment resistance 1, petrification resistance
a: Renounce Religion, Heroism, Finesse


You were on level 5 of the Lair of Beasts.
You worshipped Okawaru.
Okawaru was greatly pleased with you.
You visited 2 branches of the dungeon, and saw 14 of its levels.

You collected 799 gold pieces.


Innate Abilities, Weirdness & Mutations

You are immune to sickness and miasma.
Your stone body is resilient. (AC +10)
You are immune to poison.
Your large and strong wings let you fly.
You resist negative energy. (rN+)
You are resistant to electric shocks. (rElec)
You are resistant to unholy torment.
You are immune to petrification.


   Skills:
 - Level 12.1(17.1) Fighting
 + Level 16.6(21.6) Ranged Weapons
 - Level 7.0(12.0) Armour
 - Level 8.0(13.0) Dodging
 - Level 1.1(6.1) Stealth
 - Level 10.0 Invocations


You had 13 spell levels left.
You didn't know any spells.
Your spell library was empty.

Inventory:

Hand Weapons
 g - a +1 antimagic longbow (weapon)
 h - a +3 orcbow
Armour
 a - a +1 helmet (worn)
 k - a +3 leather armour
 m - a +2 pair of gloves (worn)
 q - a +0 cloak (worn)
 t - a +1 ring mail of fire resistance (worn)
Jewellery
 d - a +6 ring of dexterity (left hand)
 i - a ring of resist corrosion
 p - an amulet of reflection (around neck)
 r - a +6 ring of dexterity (right hand)
Wands
 s - a wand of digging (2)
Scrolls
 b - 7 scrolls of identify
Potions
 c - 2 potions of lignification
 e - a potion of curing
 f - a potion of cancellation
 j - 4 potions of haste
 l - a potion of mutation
 n - 2 potions of magic

Dungeon Overview and Level Annotations

Branches:
Dungeon (9/15)             Temple (0/1) D:6            Lair (5/5) D:9
  Swamp (0/4) Lair:2        Snake (0/4) Lair:3        Slime (0/5) Lair:5
    Orc: D:9-12

Altars:
Ashenzari
Cheibriados
Elyvilon
Fedhas
Gozag
Hepliaklqana
Makhleb
Okawaru
Qazlal
Sif Muna
Xom
Yredelemnul
The Shining One
Jiyva

Shops:
D:4 =

Annotations:
D:2 1 runed translucent door, Crazy Yiuf


Message History

The dire elephant barely misses you. You block the dire elephant's attack.
The dire elephant tramples you!!
You hold your ground!
The dire elephant trunk-slaps you.
13788 ||| DRINKING 2 potions of heal wounds.
You feel much better.
The necromancer gestures wildly while chanting.
The necromancer binds the souls of nearby monsters.
The dire elephant barely misses you. The dire elephant trunk-slaps you!
You block the dire elephant's attack.
The dire elephant trunk-slaps you but does no damage.
You shoot an arrow.
The arrow hits the dire elephant but does no damage.
The dire elephant is almost dead.
You block the dire elephant's attack. The dire elephant trunk-slaps you.
You shoot an arrow. The arrow hits the dire elephant!!
You kill the dire elephant!
Okawaru accepts your kill.
A freezing mist starts to gather...
A dire elephant simulacrum comes into view.
The dire elephant tramples you!
You hold your ground!
The dire elephant trunk-slaps you but does no damage.
13791 ||| DRINKING potion of heal wounds.
You feel much better.
The dire elephant tramples you but does no damage.
The dire elephant completely misses you.
You shoot an arrow. The arrow hits the dire elephant!!
The dire elephant is moderately wounded.
The dire elephant tramples you!!
You hold your ground!
The dire elephant trunk-slaps you.
You shoot an arrow.
The arrow hits the dire elephant but does no damage.
The dire elephant is moderately wounded.
You block the dire elephant's attack. The dire elephant misses you.
The dire elephant simulacrum misses you. x2
You shoot an arrow. The arrow hits the dire elephant!
The dire elephant is moderately wounded.
You shoot an arrow. The arrow hits the dire elephant!!
The dire elephant is heavily wounded.
The dire elephant tramples you!
You die...

..######77P......7########'''####
.##########7....###..............
## #8.....##77###...#####8.}P8###
#).....# ####.### .###8.8###Y
####8.....####....# ~~.#######8Y
#########'#....#### ~~~~#8...8#)$
##)## #.#.####.8#Z~~~~'...):#)$
##'## #...#....YpZ.~~~'.pZ.=#8.
#7[77 #8..#..Z@8##.~~##8...8##.
#...77####')#''#### ##
##....#..#.....# #.7..........##
##77.........# 77.....#.##
#########


You could see a dire elephant (soul bound), a spectral anaconda, a necromancer
and 2 dire elephant simulacra.

Vanquished Creatures
  Rupert (Lair:3)
  3 dire elephants (Lair:5)
  A hydra (Lair:4)
  A two-headed ogre (D:9)
  9 death yaks
  A spectral dire elephant (Lair:5)
  Amaemon (Lair:1)
  A spectral death yak (Lair:5)
  An obsidian statue (Lair:5)
  Pikel (D:7)
  2 necromancers (Lair:5)
  2 oklob plants (Lair:5)
  14 elephants
  A black mamba (Lair:5)
  8 cane toads
  A gargoyle (D:7)
  An orange demon (Lair:1)
  A dire elephant skeleton (Lair:5)
  A rime drake (Lair:4)
  4 komodo dragons
  A troll (D:7)
  2 polar bears
  2 tyrant leeches (Lair:2)
  2 spectral elephants (Lair:5)
  16 blink frogs
  Sigmund (D:4)
  A shadow (D:9)
  4 wyverns
  A wraith (D:9)
  5 basilisks
  37 yaks
  A steam dragon (D:6)
  A vampire mosquito (D:7)
  A death yak simulacrum (Lair:5)
  3 spectral cane toads (Lair:5)
  2 swamp worms (Lair:2)
  15 water moccasins
  6 black bears
  2 sky beasts (D:7)
  An ogre (D:6)
  An elephant zombie (Lair:5)
  4 wolves (Lair:1)
  3 centaurs
  A lemure (D:7)
  2 elephant skeletons (Lair:5)
  2 phantoms
  4 kobold brigands
  A gnoll sergeant (D:8)
  10 bullfrogs
  3 scorpions (D:6)
  2 cane toad simulacra (Lair:5)
  8 wights
  An elephant simulacrum (Lair:5)
  4 howler monkeys
  2 hounds
  2 gnoll boudas
  4 orc priests
  3 sleepcaps
  An iguana (D:4)
  4 orc wizards
  8 adders
  13 gnolls
  A shadow imp (D:7)
  4 white imps
  A worm (D:5)
  4 dart slugs
  18 orcs
  5 ball pythons
  7 endoplasms
  8 giant cockroaches
  9 goblins
  4 hobgoblins
  4 quokkas
  7 bats
  4 frilled lizards
  29 kobolds
  2 rats (D:2)
349 creatures vanquished.

Notes
Turn   | Place    | Note
-------+----------+-------------------------------------------
     0 | D:1      | qw the Gargoyle Hunter began the quest for the Orb.
     0 | D:1      | Reached XP level 1. HP: 12/12 MP: 1/1
     0 | D:1      | 0 ||| qw: Version: 0.2-a-29-gdad1ea2
     0 | D:1      | 0 ||| qw: Game counter: 4062
     0 | D:1      | 0 ||| qw: Always use a shield: true
     0 | D:1      | 0 ||| qw: God list: Okawaru
     0 | D:1      | 0 ||| qw: Allow faded altars: false
     0 | D:1      | 0 ||| qw: Do Orc after D:15 true
     0 | D:1      | 0 ||| qw: Do second Lair branch before Depths: true
     0 | D:1      | 0 ||| qw: Lair rune preference: random
     0 | D:1      | 0 ||| qw: Plans: Normal, Zot:1-4, Slime:5, God:TSO, Crypt,
                  | Tomb, Abyss, Pan, Hells, Win
     0 | D:1      | 0 ||| PLANNING D:1-11
   172 | D:1      | Reached XP level 2. HP: 13/17 MP: 2/2
   583 | D:1      | Reached XP level 3. HP: 19/21 MP: 3/3
   604 | D:1      | 604 ||| Stepping ~*~*~tactically~*~*~ (outnumbered).
   607 | D:1      | Reached skill level 5 in Ranged Weapons
   664 | D:1      | You fall into a shaft and drop 1 floor!
   723 | D:2      | 723 ||| UPGRADING to amulet of the acrobat.
   728 | D:2      | 728 ||| UPGRADING to +6 ring of dexterity.
   729 | D:2      | 729 ||| READING scroll labelled KIEZI TEIKAGG.
   730 | D:2      | 730 ||| READING scroll labelled DASOFO DOTIN.
   731 | D:2      | 731 ||| READING 2 scrolls labelled YXKARRU UGGA.
   732 | D:2      | 732 ||| DROPPING scroll of butterflies.
  1057 | D:2      | Noticed a black bear
  1062 | D:2      | Killed a black bear
  1063 | D:2      | Reached XP level 4. HP: 17/30 MP: 4/4
  1063 | D:2      | Reached XP level 5. HP: 19/34 MP: 5/5
  1200 | D:2      | Found a faded altar of an unknown god.
  1316 | D:2      | Found a runed translucent door.
  1317 | D:2      | Noticed Crazy Yiuf
  1320 | D:2      | 1320 ||| UPGRADING to +0 ring mail.
  1330 | D:2      | 1330 ||| DROPPING +0 leather armour.
  1331 | D:2      | 1331 ||| READING scroll labelled SOJESTUGEW.
  1357 | D:2      | 1357 ||| READING 3 scrolls labelled HAT CAMAUBUAPO.
  1358 | D:2      | 1358 ||| DROPPING 2 scrolls of fear.
  1440 | D:3      | Found a burning altar of Makhleb.
  1441 | D:3      | Found a broken altar of Ashenzari.
  1479 | D:3      | Reached skill level 1 in Armour
  1634 | D:3      | Found an iron altar of Okawaru.
  1637 | D:3      | Found a hazy altar of Hepliaklqana.
  1874 | D:3      | Found an opulent altar of Gozag.
  2273 | D:3      | 2273 ||| UPGRADING to +0 pair of gloves.
  2278 | D:3      | 2278 ||| READING scroll labelled LUEMUE BANGUMI.
  2279 | D:3      | 2279 ||| READING scroll labelled PAIDOEDDYPEI.
  2280 | D:3      | 2280 ||| DRINKING 2 dark potions.
  2281 | D:3      | 2281 ||| DRINKING 2 golden potions.
  2282 | D:3      | 2282 ||| READING 2 scrolls of identify.
  2282 | D:3      | 2282 ||| IDENTIFYING brown potion
  2376 | D:4      | Reached XP level 6. HP: 39/39 MP: 6/6
  2382 | D:4      | 2382 ||| Stepping ~*~*~tactically~*~*~ (outnumbered).
  2394 | D:4      | Reached skill level 6 in Ranged Weapons
  2434 | D:4      | 2434 ||| STAIRDANCE
  2436 | D:3      | 2436 ||| PLANNING OKAWARU WORSHIP
  2443 | D:3      | Became a worshipper of Warmaster Okawaru
  2443 | D:3      | 2443 ||| PLANNING D:1-11
  2493 | D:4      | Found Hiryuha's Jewellery Emporium.
  2511 | D:4      | 2511 ||| SHOPLISTING +4 ring of protection (360 gold, have
                  | 135).
  2511 | D:4      | 2511 ||| SHOPLISTING +5 ring of evasion (360 gold, have
                  | 135).
  2511 | D:4      | 2511 ||| SHOPLISTING amulet of guardian spirit (300 gold,
                  | have 135).
  2511 | D:4      | 2511 ||| SHOPLISTING amulet of regeneration (300 gold, have
                  | 135).
  2511 | D:4      | 2511 ||| SHOPLISTING ring of protection from cold (250
                  | gold, have 135).
  2511 | D:4      | 2511 ||| SHOPLISTING ring of resist corrosion (200 gold,
                  | have 135).
  2788 | D:4      | Noticed Sigmund
  2795 | D:4      | Killed Sigmund
  2795 | D:4      | Reached * piety under Okawaru
  2796 | D:4      | Reached skill level 7 in Ranged Weapons
  2796 | D:4      | Reached XP level 7. HP: 37/44 MP: 7/7
  2911 | D:4      | Found a white marble altar of Elyvilon.
  2965 | D:4      | Found a basalt altar of Yredelemnul.
  2973 | D:4      | 2973 ||| UPGRADING to +3 leather armour.
  2983 | D:4      | 2983 ||| DROPPING +0 ring mail.
  2984 | D:4      | 2984 ||| READING scroll labelled QOVIUS EFOKINK.
  2985 | D:4      | 2985 ||| READING 2 scrolls labelled YSO CUYBYKK.
  2986 | D:4      | 2986 ||| READING scroll of enchant weapon.
  2986 | D:4      | 2986 ||| ENCHANTING +0 heavy shortbow.
  2987 | D:4      | 2987 ||| DRINKING 2 blue potions.
  2988 | D:4      | 2988 ||| READING 4 scrolls of identify.
  2988 | D:4      | 2988 ||| IDENTIFYING coppery potion
  2989 | D:4      | 2989 ||| DROPPING potion of enlightenment.
  3018 | D:5      | Entered Level 5 of the Dungeon
  3023 | D:5      | 3023 ||| STAIRDANCE
  3081 | D:5      | Found a blossoming altar of Fedhas.
  3095 | D:5      | Found a shimmering altar of Xom.
  3113 | D:5      | 3113 ||| INVOKING Heroism.
  3118 | D:5      | Reached skill level 1 in Invocations
  3315 | D:5      | Found a snail-covered altar of Cheibriados.
  3610 | D:5      | Found a glowing golden altar of the Shining One.
  3649 | D:5      | Found a stormy altar of Qazlal.
  3885 | D:6      | 3885 ||| INVOKING Heroism.
  3887 | D:6      | Reached skill level 3 in Invocations
  3898 | D:6      | Reached XP level 8. HP: 48/48 MP: 8/10
  3898 | D:6      | 3898 ||| INVOKING Heroism.
  3899 | D:6      | 3899 ||| Stepping ~*~*~tactically~*~*~ (outnumbered).
  3918 | D:6      | 3918 ||| Stepping ~*~*~tactically~*~*~ (outnumbered).
  3920 | D:6      | Reached skill level 8 in Ranged Weapons
  3923 | D:6      | 3923 ||| INVOKING Heroism.
  3967 | D:6      | 3967 ||| INVOKING Heroism.
  3967 | D:6      | HP: 12/49 [wight/+3 halberd (12)]
  3968 | D:6      | 3968 ||| READING scroll of teleportation.
  3969 | D:6      | 3969 ||| DRINKING 2 potions of heal wounds.
  4097 | D:6      | 4097 ||| INVOKING Heroism.
  4106 | D:6      | Reached skill level 9 in Ranged Weapons
  4252 | D:6      | 4252 ||| INVOKING Heroism.
  4257 | D:6      | Reached skill level 3 in Dodging
  4257 | D:6      | 4257 ||| Stepping ~*~*~tactically~*~*~ (cloud).
  4295 | D:6      | 4295 ||| INVOKING Heroism.
  4355 | D:6      | Reached skill level 6 in Fighting
  4384 | D:6      | Found a staircase to the Ecumenical Temple.
  4391 | D:6      | Reached XP level 9. HP: 55/55 MP: 12/12
  4523 | D:6      | Identified the +1 rapier "Vuisiyn" {elec, +Blink Int+2}
  4531 | D:6      | Reached ** piety under Okawaru
  4693 | D:6      | 4693 ||| UPGRADING to +0 helmet.
  4698 | D:6      | 4698 ||| READING 2 scrolls labelled TUXIFO PIKHLE.
  4699 | D:6      | 4699 ||| DROPPING scroll of vulnerability.
  4809 | D:7      | 4809 ||| INVOKING Heroism.
  4816 | D:7      | Reached skill level 10 in Ranged Weapons
  4966 | D:7      | 4966 ||| INVOKING Heroism.
  5120 | D:7      | 5120 ||| READING scroll of enchant weapon.
  5120 | D:7      | 5120 ||| ENCHANTING +1 heavy shortbow.
  5366 | D:7      | Noticed Pikel
  5367 | D:7      | 5367 ||| INVOKING Heroism.
  5376 | D:7      | Noticed a gargoyle
  5379 | D:7      | Killed Pikel
  5380 | D:7      | 5380 ||| Stepping ~*~*~tactically~*~*~ (outnumbered).
  5381 | D:7      | 5381 ||| Stepping ~*~*~tactically~*~*~ (outnumbered).
  5385 | D:7      | Killed a gargoyle
  5386 | D:7      | Reached XP level 10. HP: 60/63 MP: 13/13
  5405 | D:7      | 5405 ||| INVOKING Heroism.
  5420 | D:7      | Reached skill level 11 in Ranged Weapons
  5619 | D:7      | 5619 ||| DROPPING amulet of magic regeneration.
  5620 | D:7      | 5620 ||| UPGRADING to amulet of reflection.
  5630 | D:7      | 5630 ||| DROPPING amulet of the acrobat.
  5631 | D:7      | 5631 ||| READING 4 scrolls of identify.
  5631 | D:7      | 5631 ||| IDENTIFYING fuming sapphire potion
  5632 | D:7      | 5632 ||| READING 3 scrolls of identify.
  5632 | D:7      | 5632 ||| IDENTIFYING bubbling inky potion
  5633 | D:7      | 5633 ||| DROPPING potion of invisibility.
  5726 | D:8      | 5726 ||| Stepping ~*~*~tactically~*~*~ (outnumbered).
  5773 | D:8      | Found a shimmering blue altar of Sif Muna.
  5825 | D:8      | 5825 ||| Stepping ~*~*~tactically~*~*~ (outnumbered).
  5827 | D:8      | 5827 ||| Stepping ~*~*~tactically~*~*~ (outnumbered).
  6477 | D:8      | 6477 ||| UPGRADING to +4 ring of slaying {mikee}.
  6478 | D:8      | 6478 ||| READING 5 scrolls of identify.
  6478 | D:8      | 6478 ||| IDENTIFYING silvery potion
  6479 | D:8      | 6479 ||| DROPPING potion of ambrosia.
  6536 | D:9      | Found a staircase to the Lair.
  6632 | D:9      | Reached *** piety under Okawaru
  6682 | D:9      | 6682 ||| DRINKING 2 potions of curing.
  6682 | D:9      | 6682 ||| (to cure confusion)
  6819 | D:9      | Noticed a two-headed ogre
  6820 | D:9      | 6820 ||| INVOKING Heroism.
  6825 | D:9      | Killed a two-headed ogre
  6826 | D:9      | Reached skill level 12 in Ranged Weapons
  7036 | D:9      | Identified the +6 whip of Day {holy, rPois rCorr MP+9
                  | Str-5}
  7172 | D:9      | 7172 ||| PLANNING LAIR
  7172 | D:9      | 7172 ||| UPGRADING to +0 cloak.
  7177 | D:9      | 7177 ||| UPGRADING to +6 ring of dexterity.
  7179 | D:9      | 7179 ||| DROPPING +4 ring of slaying {mikee}.
  7180 | D:9      | 7180 ||| READING scroll labelled KECOST MUISCH.
  7221 | D:9      | 7221 ||| READING scroll labelled POYSHR YHIES.
  7258 | Lair:1   | Entered Level 1 of the Lair of Beasts
  7261 | Lair:1   | Noticed a death yak
  7262 | Lair:1   | 7262 ||| INVOKING Heroism.
  7275 | Lair:1   | 7275 ||| INVOKING Heroism.
  7277 | Lair:1   | Noticed a death yak
  7278 | Lair:1   | Killed a death yak
  7278 | Lair:1   | Noticed a death yak
  7279 | Lair:1   | Noticed a death yak
  7283 | Lair:1   | Killed a death yak
  7283 | Lair:1   | Reached **** piety under Okawaru
  7284 | Lair:1   | Reached XP level 11. HP: 42/68 MP: 12/14
  7290 | Lair:1   | Killed a death yak
  7291 | Lair:1   | Reached skill level 13 in Ranged Weapons
  7292 | Lair:1   | 7292 ||| INVOKING Heroism.
  7299 | Lair:1   | HP: 16/68 [death yak (13)]
  7300 | Lair:1   | 7300 ||| READING scroll of teleportation.
  7301 | Lair:1   | 7301 ||| DRINKING potion of heal wounds.
  7302 | Lair:1   | Killed a death yak
  7310 | Lair:1   | 7310 ||| INVOKING Heroism.
  7453 | Lair:1   | Reached skill level 6 in Invocations
  7470 | Lair:1   | Reached skill level 9 in Fighting
  7496 | Lair:1   | Reached ***** piety under Okawaru
  7556 | Lair:1   | 7556 ||| INVOKING Heroism.
  7599 | Lair:1   | 7599 ||| READING scroll of enchant armour.
  7599 | Lair:1   | 7599 ||| ENCHANTING +0 pair of gloves.
  7603 | Lair:1   | 7603 ||| INVOKING Heroism.
  7625 | Lair:1   | Noticed a death yak
  7625 | Lair:1   | Noticed a death yak
  7626 | Lair:1   | 7626 ||| INVOKING Finesse.
  7626 | Lair:1   | Noticed a death yak
  7629 | Lair:1   | 7629 ||| INVOKING Heroism.
  7629 | Lair:1   | Noticed a death yak
  7643 | Lair:1   | Killed a death yak
  7649 | Lair:1   | Killed a death yak
  7650 | Lair:1   | Reached skill level 6 in Dodging
  7653 | Lair:1   | Killed a death yak
  7661 | Lair:1   | Killed a death yak
  7821 | Lair:1   | 7821 ||| Stepping ~*~*~tactically~*~*~ (outnumbered).
  7830 | Lair:1   | Reached XP level 12. HP: 71/76 MP: 18/18
  7847 | Lair:1   | Identified the +5 dagger "Wipsiukk" {freeze, rF+}
  7871 | Lair:1   | Noticed Amaemon
  7872 | Lair:1   | 7872 ||| INVOKING Heroism.
  7873 | Lair:1   | 7873 ||| Stepping ~*~*~tactically~*~*~ (outnumbered).
  7886 | Lair:1   | Killed Amaemon
  8043 | Lair:1   | Reached skill level 9 in Invocations
  8045 | Lair:1   | 8045 ||| FLEEEEING.
  8047 | Lair:1   | 8047 ||| FLEEEEING.
  8048 | Lair:1   | 8048 ||| FLEEEEING.
  8049 | Lair:1   | 8049 ||| FLEEEEING.
  8050 | Lair:1   | 8050 ||| FLEEEEING.
  8051 | Lair:1   | 8051 ||| FLEEEEING.
  8052 | Lair:1   | 8052 ||| FLEEEEING.
  8053 | Lair:1   | 8053 ||| FLEEEEING.
  8054 | Lair:1   | 8054 ||| FLEEEEING.
  8092 | Lair:1   | Received a gift from Okawaru
  8134 | Lair:1   | Reached skill level 14 in Ranged Weapons
  8153 | Lair:1   | 8153 ||| INVOKING Heroism.
  8634 | Lair:1   | 8634 ||| READING 2 scrolls labelled OFFIMOKAOH.
  8635 | Lair:1   | 8635 ||| READING 6 scrolls of identify.
  8635 | Lair:1   | 8635 ||| IDENTIFYING metallic inky potion
  8636 | Lair:1   | 8636 ||| READING 5 scrolls of identify.
  8636 | Lair:1   | 8636 ||| IDENTIFYING viscous ruby potion
  8637 | Lair:1   | 8637 ||| DROPPING potion of brilliance.
  8638 | Lair:1   | 8638 ||| DROPPING potion of degeneration.
  8639 | Lair:1   | 8639 ||| DROPPING scroll of magic mapping.
  8690 | Lair:2   | 8690 ||| READING scroll of enchant armour.
  8690 | Lair:2   | 8690 ||| ENCHANTING +1 pair of gloves.
  8693 | Lair:2   | 8693 ||| INVOKING Heroism.
  8861 | Lair:2   | 8861 ||| INVOKING Heroism.
  9067 | Lair:2   | Found a staircase to the Swamp.
  9068 | Lair:2   | 9068 ||| INVOKING Heroism.
  9071 | Lair:2   | 9071 ||| Stepping ~*~*~tactically~*~*~ (outnumbered).
  9876 | Lair:2   | 9876 ||| DRINKING 2 cyan potions.
 10038 | Lair:3   | 10038 ||| SWAPPING to +0 orcbow.
 10039 | Lair:3   | 10039 ||| DROPPING +4 shortbow.
 10040 | Lair:3   | 10040 ||| DROPPING +2 heavy shortbow.
 10041 | Lair:3   | 10041 ||| READING scroll of enchant armour.
 10041 | Lair:3   | 10041 ||| ENCHANTING +0 helmet.
 10107 | Lair:3   | Found a staircase to the Snake Pit.
 10121 | Lair:3   | 10121 ||| INVOKING Heroism.
 10144 | Lair:3   | 10144 ||| INVOKING Heroism.
 10251 | Lair:3   | Noticed Rupert
 10252 | Lair:3   | 10252 ||| INVOKING Heroism.
 10253 | Lair:3   | 10253 ||| INVOKING Finesse.
 10265 | Lair:3   | Paralysed by Rupert for 3 turns
 10273 | Lair:3   | Killed Rupert
 10273 | Lair:3   | Received a gift from Okawaru
 10274 | Lair:3   | Reached skill level 15 in Ranged Weapons
 10274 | Lair:3   | Reached XP level 13. HP: 38/82 MP: 13/20
 10440 | Lair:3   | 10440 ||| INVOKING Heroism.
 11054 | Lair:4   | 11054 ||| READING 3 scrolls of enchant weapon.
 11054 | Lair:4   | 11054 ||| ENCHANTING +0 orcbow.
 11055 | Lair:4   | 11055 ||| READING 2 scrolls of enchant weapon.
 11055 | Lair:4   | 11055 ||| ENCHANTING +1 orcbow.
 11056 | Lair:4   | 11056 ||| READING scroll of enchant weapon.
 11056 | Lair:4   | 11056 ||| ENCHANTING +2 orcbow.
 11105 | Lair:4   | 11105 ||| INVOKING Heroism.
 11106 | Lair:4   | 11106 ||| INVOKING Finesse.
 11493 | Lair:4   | Reached skill level 16 in Ranged Weapons
 11835 | Lair:4   | 11835 ||| UPGRADING to +1 ring mail of fire resistance.
 11850 | Lair:5   | Entered Level 5 of the Lair of Beasts
 11886 | Lair:5   | 11886 ||| INVOKING Heroism.
 11905 | Lair:5   | Noticed a dire elephant
 11905 | Lair:5   | Noticed a dire elephant
 11905 | Lair:5   | Noticed a dire elephant
 11910 | Lair:5   | Noticed a dire elephant
 11911 | Lair:5   | 11911 ||| INVOKING Heroism.
 11926 | Lair:5   | Killed a dire elephant
 11927 | Lair:5   | Reached skill level 6 in Armour
 12042 | Lair:5   | 12042 ||| INVOKING Heroism.
 12142 | Lair:5   | 12142 ||| INVOKING Heroism.
 12202 | Lair:5   | 12202 ||| FLEEEEING.
 12247 | Lair:5   | 12247 ||| FLEEEEING.
 12248 | Lair:5   | 12248 ||| FLEEEEING.
 12249 | Lair:5   | 12249 ||| FLEEEEING.
 12273 | Lair:5   | 12273 ||| FLEEEEING.
 12279 | Lair:5   | 12279 ||| STAIRDANCE
 12424 | Lair:5   | 12424 ||| INVOKING Heroism.
 12438 | Lair:5   | HP: 19/84 [yak (3)]
 12439 | Lair:5   | 12439 ||| DRINKING 3 potions of heal wounds.
 12460 | Lair:5   | Reached skill level 12 in Fighting
 12650 | Lair:5   | Found a viscous altar of Jiyva.
 12651 | Lair:5   | 12651 ||| INVOKING Heroism.
 12652 | Lair:5   | 12652 ||| INVOKING Finesse.
 12695 | Lair:5   | Found a staircase to the Slime Pits.
 12700 | Lair:5   | 12700 ||| FLEEEEING.
 12701 | Lair:5   | 12701 ||| FLEEEEING.
 12707 | Lair:5   | 12707 ||| STAIRDANCE
 12752 | Lair:5   | 12752 ||| INVOKING Heroism.
 12833 | Lair:5   | 12833 ||| INVOKING Heroism.
 12834 | Lair:5   | 12834 ||| INVOKING Finesse.
 13015 | Lair:5   | 13015 ||| INVOKING Heroism.
 13147 | Lair:5   | Identified the +1 hat of Wytsak {+Blink} (Okawaru gifted it
                  | to you on level 5 of the Lair of Beasts)
 13147 | Lair:5   | Received a gift from Okawaru
 13245 | Lair:5   | 13245 ||| INVOKING Heroism.
 13399 | Lair:5   | Gained mutation: Your large and strong wings let you fly.
                  | [Gargoyle growth]
 13399 | Lair:5   | Reached XP level 14. HP: 82/92 MP: 21/21
 13399 | Lair:5   | 13399 ||| SWAPPING to +1 antimagic longbow.
 13432 | Lair:5   | 13432 ||| INVOKING Heroism.
 13461 | Lair:5   | 13461 ||| DROPPING +1 hat of Wytsak {+Blink}.
 13603 | Lair:5   | 13603 ||| INVOKING Heroism.
 13769 | Lair:5   | 13769 ||| INVOKING Heroism.
 13775 | Lair:5   | Killed a dire elephant
 13787 | Lair:5   | HP: 10/92 [dire elephant (21)]
 13788 | Lair:5   | 13788 ||| DRINKING 2 potions of heal wounds.
 13790 | Lair:5   | Killed a dire elephant
 13791 | Lair:5   | 13791 ||| DRINKING potion of heal wounds.
 13792 | Lair:5   | HP: 9/92 [dire elephant (25)]
 13795 | Lair:5   | Slain by a dire elephant

Levels and vault maps discovered:
D:1:      dpeg_arrival_rooms_a, layout_rooms, nicolae_hexahallways
D:2:      layout_basic, shapermc_ecumenical_altar_hornbeckon,
          chequers_serial_rivers_room_b, kennysheep_nondescript,
          uniq_crazy_yiuf_cottage
D:3:      layout_basic, nicolae_gozag_seed_capital,
          nicolae_overflow_hidden_temple
D:4:      layout_loops_cross, kennysheep_ying_yang, serial_shops, shop,
          grunt_ministairs_9, uniq_sigmund
D:5:      layout_basic, fedhas_altar_2, lemuel_tele_altar,
          grunt_temple_overflow_open, nicolae_overflow_crystal_walls
D:6:      layout_gridville, minmay_temple_entry_glassed_door,
          kennysheep_generic_room_3
D:7:      minmay_cornered_nines, layout_basic, uniq_pikel
D:8:      layout_gridville, led_sif_pool
D:9:      layout_basic, lair_entry_dummy, nrook_pool_corridor
Lair:1:   layout_gridlike, nicolae_lair_grazing_beasts
          [nicolae_sub_lair_graze_edge, nicolae_sub_lair_graze_edge,
          nicolae_sub_lair_graze_edge, nicolae_sub_lair_graze_edge],
          serial_bayou_shore_a, grunt_megastairs_1, lemuel_fruit_fields,
          uniq_amaemon
Lair:2:   layout_layer_cave, minmay_swamp_entry_worms
Lair:3:   layout_roguey, dummy_snake_entry, minmay_hedge_maze,
          grunt_megastairs_4, serial_bayou_shore_b, uniq_rupert
Lair:4:   layout_long_grid, serial_forest, infiniplex_forest_straight_3,
          infiniplex_forest_lined_corner, infiniplex_forest_straight_1,
          infiniplex_forest_end_double, infiniplex_forest_straight_2,
          infiniplex_forest_clump_large
Lair:5:   due_jungle_book, layout_gridlike, minmay_slime_entry_oklob_open,
          grunt_megastairs_3

Skill      XL: |  1  2  3  4  5  6  7  8  9 10 11 12 13 |
---------------+----------------------------------------+-----
Ranged Weapons | 5 7 9 10 12 13 15 16 | 16.6
Fighting       | 4 6 7 8 9 10 12 | 12.1
Armour         | 1 2 4 7 |  7.0
Dodging        | 2 3 5 6 7 8 |  8.0
Invocations    | 3 4 8 10 | 10.0
Stealth        | |  1.1

Action                     |  1- 3 |  4- 6 |  7- 9 | 10-12 | 13-15 || total
---------------------------+-------+-------+-------+-------+-------++-------
   Fire: Shortbow          |    93 |   110 |   168 |   448 |       ||   819
         Orcbow            |       |       |       |    89 |   427 ||   516
         Longbow           |       |       |       |       |    84 ||    84
 Invoke: Heroism           |       |       |    11 |    17 |    15 ||    43
         Finesse           |       |       |       |     2 |     3 ||     5
    Use: Scroll            |     3 |     5 |     7 |    12 |     3 ||    30
         Potion            |       |     2 |     2 |     3 |     3 ||    10
 Armour: Leather armour    |    21 |       |    37 |    89 |     7 ||   154
         Ring mail         |       |    20 |       |       |   129 ||   149
  Dodge: Dodged            |    20 |    23 |    64 |   253 |   257 ||   617
  Block: Other             |       |       |       |    57 |    59 ||   116
         Reflection        |       |       |       |     2 |       ||     2

Table legend:
 A = Non-vault XP
 B = Vault XP
 C = Vault XP percentage of total XP
 D = Non-vault monster count
 E = Vault monster count
 F = Vault count percentage of total count
                 A         B        C        D         E       F
            +---------+---------+-------+---------+---------+-------
      Total |   27645 |   31963 |  53.6 |     265 |      83 |  23.9
            +---------+---------+-------+---------+---------+-------
        D:1 |      44 |       0 |   0.0 |      23 |       0 |   0.0
        D:2 |     156 |       0 |   0.0 |      13 |       0 |   0.0
        D:3 |      79 |       0 |   0.0 |      22 |       0 |   0.0
        D:4 |     283 |     257 |  47.6 |      22 |       5 |  18.5
        D:5 |     362 |       0 |   0.0 |       8 |       0 |   0.0
        D:6 |    1453 |       0 |   0.0 |      25 |       0 |   0.0
        D:7 |    1255 |    1556 |  55.4 |      23 |       4 |  14.8
        D:8 |     810 |       0 |   0.0 |      26 |       0 |   0.0
        D:9 |    1750 |       0 |   0.0 |      19 |       0 |   0.0
     Lair:1 |    7836 |    9143 |  53.8 |      27 |      22 |  44.9
     Lair:2 |    1190 |     898 |  43.0 |       6 |       4 |  40.0
     Lair:3 |    2540 |    4614 |  64.5 |      12 |      13 |  52.0
     Lair:4 |    4248 |       0 |   0.0 |      17 |       0 |   0.0
     Lair:5 |    5639 |   15495 |  73.3 |      22 |      35 |  61.4
            +---------+---------+-------+---------+---------+-------
